 Dungeon Crawl Stone Soup version 0.27-a0-931-g5a74e75d8f (webtiles) character file.

Game seed: 2398281370975392579

4 Lanoc the Digger (level 1, -2/13 HPs)
             Began as a Human Earth Elementalist on Apr 11, 2021.
             Slain by a hobgoblin (4 damage)
             ... on level 1 of the Dungeon.
             The game lasted 00:00:34 (124 turns).

Lanoc the Digger (Human Earth Elementalist)          Turns: 124, Time: 00:00:34

Health: -2/13      AC:  4    Str:  8    XL:     1   Next: 77%
Magic:  0/3        EV: 12    Int: 15    God:
Gold:   0          SH:  0    Dex: 13    Spells: 3/4 levels left

rFire    . . .     SeeInvis .   a - +0 dagger
rCold    . . .     Faith    .   (no shield)
rNeg     . . .     Spirit   .   d - +2 robe {Archmagi}
rPois    .         Reflect  .   (no helmet)
rElec    .         Harm     .   (no cloak)
rCorr    .         Rampage  .   (no gloves)
Will     .....                  (no boots)
Stlth    ++........             (no amulet)
HPRegen  0.04/turn              (no ring)
MPRegen  0.08/turn              (no ring)

@: no status effects
A: no striking features
a: no special abilities


You were on level 1 of the Dungeon.
You visited 1 branch of the dungeon, and saw 1 of its levels.

Inventory:

Hand Weapons
 a - a +0 dagger (weapon)
Missiles
 b - 26 stones
Armour
 d - a +2 robe of the Archmagi (worn)


   Skills:
 + Level 2.1 Dodging
 - Level 2.0 Stealth
 - Level 2.0 Spellcasting
 - Level 1.0 Transmutations
 * Level 3.2 Earth Magic


You had 3 spell levels left.
You knew the following spells:

 Your Spells              Type           Power      Damage    Failure   Level
a - Sandblast             Erth           32%        2d9       6%          1

Your spell library contained the following spells:

 Spells                   Type           Power      Damage    Failure   Level
 Passwall                 Tmut/Erth      9%         N/A       14%         2
 Stone Arrow              Conj/Erth      18%        3d8       34%         3
 Petrify                  Tmut/Erth      11%        N/A       67%         4
 Lee's Rapid Deconstruct  Erth           8%         3d8*      86%         5


Dungeon Overview and Level Annotations

Branches:
Dungeon (1/15)

Altars:


Message History

The hobgoblin barely misses you.
Casting: Sandblast (safe; 6% risk of failure)
Confirm with . or Enter, or press ? or * to list all spells.
Aiming: Sandblast (safe; 6% risk of failure)
Press: ? - help, Shift-Dir - straight line, f/p - hobgoblin
Aim: a hobgoblin (21% to evade)
You feel a surge of power!
The blast of sand hits the hobgoblin!
You kill the hobgoblin!
Casting: Sandblast (safe; 6% risk of failure)
Confirm with . or Enter, or press ? or * to list all spells.
Aiming: Sandblast (safe; 6% risk of failure)
Press: ? - help, Shift-Dir - straight line, f - hobgoblin
Aim: a hobgoblin (severely wounded, 21% to evade)
You feel a surge of power!
The blast of sand hits the hobgoblin!
You kill the hobgoblin!
The goblin hits you but does no damage.
You see here a hobgoblin corpse.
You hit the goblin.
The goblin is moderately wounded.
The hobgoblin misses you. The goblin closely misses you.
You barely miss the goblin.
The goblin is moderately wounded.
The hobgoblin barely misses you. The goblin barely misses you.
You barely miss the goblin.
The goblin is moderately wounded.
The hobgoblin barely misses you. The goblin hits you but does no damage.
You hit the goblin but do no damage.
The goblin is moderately wounded.
The hobgoblin barely misses you. The goblin hits you with a +0 dagger.
You closely miss the goblin.
The goblin is moderately wounded.
The hobgoblin hits you. The goblin hits you but does no damage.
You hit the goblin.
The goblin is heavily wounded.
The hobgoblin barely misses you. The goblin hits you with a +0 dagger.
* * * LOW HITPOINT WARNING * * *
You barely miss the goblin.
The goblin is heavily wounded.
The hobgoblin hits you.
You die...

######..........###.###≈≈##
.................... ....
.............#......$≈....≈
.............######..≈..⌠.≈
?.........)..### .≈....≈
..##....g......# #
#.....#####... #.###.####
### #. #.g@.# # ####g..#
###..# #...> ..... .... #..
.#


You could see a hobgoblin and a goblin.

Vanquished Creatures
  2 hobgoblins (D:1)
  A quokka (D:1)
  A frilled lizard (D:1)
4 creatures vanquished.

Notes
Turn   | Place    | Note
-------+----------+-------------------------------------------
     0 | D:1      | Lanoc the Human Earth Elementalist began the quest for the
                  | Orb.
     0 | D:1      | Reached XP level 1. HP: 13/13 MP: 3/3
   124 | D:1      | Slain by a hobgoblin

Illustrated notes

Levels and vault maps discovered:
D:1:      dpeg_arrival_rooms_with_view, layout_rooms,
          ebering_ecumenical_altar_box

Action                   || total
-------------------------++-------
Melee: Dagger            ||    17
       Unarmed           ||     9
 Cast: Sandblast         ||     4
 Stab: Sleeping          ||     1
Armor: Robe              ||     6
Dodge: Dodged            ||    26

Table legend: (Time is in decaauts)
 A = Elapsed time spent in this place.
 B = Non-inter-level travel time spent in this place.
 C = Inter-level travel time spent in this place.
 D = Time resting spent in this place.
 E = Time spent auto-exploring this place.
 F = Levels seen in this place.
 G = Mean time per level.
                   A        B        C        D        E       F      G
               +--------+--------+--------+--------+--------+-----+--------+
         Total |    123 |    123 |      0 |      0 |     39 |   1 |  123.0 |
       Dungeon |    123 |    123 |      0 |      0 |     39 |   1 |  123.0 |
               +--------+--------+--------+--------+--------+-----+--------+

Top non-repeatable levels by time:
     D:1: 123 daAuts
